 Dungeon Crawl Stone Soup version 0.27-a0-1188-g73eefd5def (webtiles) character file.

Game seed: 11110210280016970604

80 spiderkeys the Skirmisher (level 4, -3/28 HPs)
             Began as a Tengu Abyssal Knight on May 21, 2021.
             Was a Follower of Lugonu.
             Slain by an orc wizard
             ... wielding a +0 dagger
              (4 damage)
             ... on level 2 of the Dungeon.
             The game lasted 00:02:48 (1945 turns).

spiderkeys the Skirmisher (Tengu Abyssal Knight)    Turns: 1945, Time: 00:02:48

Health: -3/28      AC:  4    Str: 14    XL:     4   Next: 39%
Magic:  6/6        EV: 12    Int: 12    God:    Lugonu [*.....]
Gold:   69         SH:  0    Dex: 13    Spells: 3/3 levels left

rFire    . . .     SeeInvis .   a - +2 spear
rCold    . . .     Faith    .   (no shield)
rNeg     . . .     Spirit   .   b - +0 leather armour
rPois    .         Reflect  .   (helmet restricted)
rElec    .         Harm     .   (no cloak)
rCorr    .         Rampage  .   c - +0 pair of gloves
Will     .....                  (boots unavailable)
Stlth    +.........             (no amulet)
HPRegen  0.09/turn              (no ring)
MPRegen  0.10/turn              (no ring)

@: no status effects
A: beak, talons 3
a: Renounce Religion, Depart the Abyss


You were on level 2 of the Dungeon.
You worshipped Lugonu.
Lugonu was aware of your devotion.
You visited 1 branch of the dungeon, and saw 2 of its levels.
You visited the Abyss 1 time.

You collected 69 gold pieces.


Innate Abilities, Weirdness & Mutations

You have a beak for a mouth.
You have claws for feet.


   Skills:
 + Level 3.5 Fighting
 + Level 3.0 Polearms
 + Level 2.9 Armour
 + Level 2.1 Dodging
 + Level 2.2 Invocations


You had 3 spell levels left.
You didn't know any spells.
Your spell library was empty.

Inventory:

Hand Weapons
 a - a +2 spear (weapon)
Missiles
 g - 36 sling bullets
 j - 17 arrows
 k - 2 stones
Armour
 b - a +0 leather armour (worn)
 c - a +0 pair of gloves (worn)
   (You found it on level 1 of the Abyss)
Jewellery
 F - a ring of fire
   (You found it on level 1 of the Abyss)
Scrolls
 d - a scroll of enchant weapon
Potions
 e - a potion of flight {unknown}
 f - a potion of curing {unknown}
 h - a potion of magic {unknown}
 i - a potion of might {unknown}

Dungeon Overview and Level Annotations

Branches:
Dungeon (2/15)

Altars:

#. #.######
#.####......
#..........
..#.........
#.#........
#.#.....{.
#.#....)o#
#.#.####.#####
#.#..@.oo..[.+
#.#..###.#####
#.#..# #... #....#
##### # ####.#######
.. #........
##.#########........
....................
....................


You could see 2 orcs.


Message History

k - 2 stones
Things that are here:
a +0 short sword; a kobold corpse
Things that are here:
a +0 short sword; a kobold corpse; 😎 HP[+5]
Your hp is fully restored (23).
Things that are here:
a +0 short sword; a kobold corpse You now have 69 gold pieces (gained 6).
Found a glowing mace.
l - a scroll labelled INKATE UNEJY
As you read the scroll labelled INKATE UNEJY, it crumbles to dust.
A profound silence engulfs you.
It was a scroll of silence.
You see here a +2 mace of holy wrath.
The endoplasm quivers.
An endoplasm is nearby!
An endoplasm is nearby!
An endoplasm is nearby!
You reach to attack!
You hit the endoplasm. You hit the endoplasm. You claw the endoplasm.
You kill the endoplasm!
Lugonu accepts your kill.
No target in view!
No target in view!
No target in view!
You see here a +2 mace of holy wrath.
Your hearing returns. 2 orcs and an orc wizard come into view.
The orc shouts!
The orc wizard shouts!
The orc shouts!
You hear a shout!
The orc wizard casts a spell at you. The magic dart hits you!
An orc comes into view.
It is wielding a +0 club and wearing a +1 leather armour of fire resistance.
The orc moves out of view. 😮 HP[-10]
You take 10 damage, and now have 13/23 hp.
MASSIVE DAMAGE!! (PAUSE)
The orc wizard gestures at you while chanting.
The puff of flame misses you.
Reach: a) +2 spear
Press: ? - help, Dir - move target, f - orc wizard
Aim: an orc wizard, wielding a +0 dagger and wearing a +0 robe (about 42% to evade your +2 spear)
You reach to attack!
You hit the orc wizard. You hit the orc wizard.
Your kick misses the orc wizard. The orc hits you with a +0 dagger.
* * * LOW HITPOINT WARNING * * *
The orc wizard barely misses you.
An orc wizard comes into view. It is wielding a +0 dagger. 😨 HP[-3]
You take 3 damage, and now have 10/23 hp.
The orc wizard shouts!
You hit the orc wizard but do no damage.
You claw the orc wizard. The orc closely misses you.
The orc wizard closely misses you.
The orc wizard gestures at itself while chanting.
The orc wizard flickers and vanishes!
Deactivating autopickup; reactivate with Ctrl-A.
You hit the orc wizard.
You kill the orc wizard!
Lugonu accepts your kill. The orc barely misses you.
Your Polearms skill increases to level 3!
Your Dodging skill increases to level 2!
You have reached level 4!
You feel stronger. 😨 HP[+3] MP[+1]
You now have 28 max hp (+5).
You regained 3 hp, and now have 13/28 hp.
Your mp is fully restored (6).
You hit the orc. You peck the orc, but do no damage.
The orc closely misses you.
You hit the orc but do no damage. Your kick misses the orc. You hit the orc.
You claw the orc.
You kill the orc!
Lugonu accepts your kill.
You hit something. Your peck misses something.
You hear some strange, mumbled words.
You are confused. 😨 HP[+1]
You bump into the rock wall.
Something hits you.
* * * LOW HITPOINT WARNING * * *
😨 HP[-4]
You take 4 damage, and now have 10/28 hp.
You completely miss something. Your kick misses something.
You hear some strange, mumbled words.
A magic dart appears from out of thin air!
The magic dart hits you.
* * * LOW HITPOINT WARNING * * *
😱 HP[-6]
You take 6 damage, and now have 4/28 hp.
MASSIVE DAMAGE!! (PAUSE)
You barely miss something. You claw something.
Something hits you but does no damage.
You closely miss something. You claw something. Something hits you.
* * * LOW HITPOINT WARNING * * *
😱 HP[-3]
You take 3 damage, and now have 1/28 hp.
You bump into the rock wall.
You feel less confused. Something hits you.
You die...

Skill      XL: |  1  2  3 |
---------------+----------+-----
Invocations    | 2 |  2.2
Polearms       | 3 |  3.0
Dodging        | 2 |  2.1
Fighting       | |  3.5
Armour         | |  2.9

Action                   |  1- 3 |  4- 6 || total
-------------------------+-------+-------++-------
Melee: Spear             |   117 |     7 ||   124
       Kick              |    19 |     3 ||    22
       Peck              |     7 |     1 ||     8
Invok: Depart the Abyss  |     1 |       ||     1
  Use: Scroll            |     6 |       ||     6
       Potion            |     1 |       ||     1
 Stab: Sleeping          |     2 |       ||     2
Armor: Leather armour    |    27 |     1 ||    28
Dodge: Dodged            |    57 |     1 ||    58

Levels and vault maps discovered:
D:1:      mrwooster_arrival_statue_2, layout_basic
D:2:      layout_basic, basic_ecumenical_altar, minmay_tall_x

Notes
Turn   | Place    | Note
-------+----------+-------------------------------------------
     0 | Abyss:1  | spiderkeys the Tengu Abyssal Knight began the quest for the
                  | Orb.
     0 | Abyss:1  | Reached XP level 1. HP: 14/14 MP: 3/3
     0 | Abyss:1  | magus.rc [v1.9.10]
   183 | Abyss:1  | Noticed a starcursed mass
   209 | Abyss:2  | Noticed a raiju
   226 | Abyss:2  | Noticed a thrashing horror
   229 | D:1      | You pass through the gate.
   229 | D:1      | Escaped the Abyss
   438 | D:1      | Reached XP level 2. HP: 19/19 MP: 4/4
   687 | D:1      | Reached * piety under Lugonu
   745 | D:1      | Reached XP level 3. HP: 19/23 MP: 5/5
  1011 | D:1      | Reached skill level 2 in Invocations
  1932 | D:2      | Reached skill level 3 in Polearms
  1932 | D:2      | Reached skill level 2 in Dodging
  1932 | D:2      | Reached XP level 4. HP: 13/28 MP: 6/6
  1941 | D:2      | HP: 4/28 [something/magic dart (6)]
  1944 | D:2      | HP: 1/28 [something (3)]
  1945 | D:2      | Slain by an orc wizard

Vanquished Creatures
  An orc wizard (D:2)
  A worm (D:2)
  An orc (D:2)
  5 bats
  6 endoplasms
  A giant cockroach (D:1)
  4 goblins
  2 hobgoblins (D:1)
  13 jackals
  2 kobolds (D:2)
  A quokka (D:1)
  3 ball pythons (D:1)
  3 rats
43 creatures vanquished.

Table legend:
 A = Non-vault XP
 B = Vault XP
 C = Vault XP percentage of total XP
 D = Non-vault monster count
 E = Vault monster count
 F = Vault count percentage of total count
                 A         B        C        D         E       F
            +---------+---------+-------+---------+---------+-------
      Total |     105 |      10 |   8.7 |      39 |       4 |   9.3
            +---------+---------+-------+---------+---------+-------
        D:1 |      49 |       0 |   0.0 |      28 |       0 |   0.0
        D:2 |      56 |      10 |  15.2 |      11 |       4 |  26.7
            +---------+---------+-------+---------+---------+-------

Illustrated notes

Table legend:
 A = Kills in this place as a percentage of kills in entire the game.
 B = Kills by you in this place as a percentage of kills by you in the entire game.
 C = Kills by friends in this place as a percentage of kills by friends in the entire game.
 D = Other kills in this place as a percentage of other kills in the entire game.
 E = Experience gained in this place as a percentage of experience gained in the entire game.
 F = Experience gained in this place divided by the number of levels of this place that you have seen.
                   A       B       C       D       E      F
               +-------+-------+-------+-------+-------+----------------------
         Total | 100.0 | 100.0 |   N/A |   N/A | 100.0 |  28.8
       Dungeon | 100.0 | 100.0 |   N/A |   N/A | 100.0 |  57.5
               +-------+-------+-------+-------+-------+----------------------

Table legend: (Time is in decaauts)
 A = Elapsed time spent in this place.
 B = Non-inter-level travel time spent in this place.
 C = Inter-level travel time spent in this place.
 D = Time resting spent in this place.
 E = Time spent auto-exploring this place.
 F = Levels seen in this place.
 G = Mean time per level.
                   A        B        C        D        E       F      G
               +--------+--------+--------+--------+--------+-----+--------+
         Total |   1941 |   1911 |     30 |    106 |   1477 |   4 |  485.2 |
       Dungeon |   1712 |   1682 |     30 |      6 |   1467 |   2 |  856.0 |
         Abyss |    228 |    228 |      0 |    100 |     10 |   2 |  114.0 |
               +--------+--------+--------+--------+--------+-----+--------+

Top non-repeatable levels by time:
     D:1: 1277 daAuts
     D:2: 435 daAuts
 Abyss:1: 185 daAuts
 Abyss:2: 43 daAuts
